 Dungeon Crawl Stone Soup version 0.29.1-1-gd02db6906a (webtiles) character file.

Game seed: 2651436914063609460

6967 raph the Geomancer (level 11, -5/62 HPs)
             Began as a Gargoyle Earth Elementalist on Sept 17, 2022.
             Was a Believer of Vehumet.
             Slain by a komodo dragon (15 damage)
             ... on level 1 of the Lair of Beasts.
             The game lasted 00:18:06 (13243 turns).

raph the Geomancer (Gargoyle Earth Elementalist)   Turns: 13243, Time: 00:18:07

Health: -5/62      AC: 20    Str: 12    XL:     11   Next: 7%
Magic:  6/19       EV: 13    Int: 24    God:    Vehumet [**....]
Gold:   553        SH:  6    Dex: 10    Spells: 2/21 levels left

rFire   + . .      SeeInvis .   D - +0 morningstar
rCold   + . .      Faith    +   e - +1 buckler
rNeg    + + +      Spirit   .   k - +2 robe of Venlilen {Int+4}
rPois   ∞          Reflect  .   y - +0 helmet
rElec   +          Harm     .   (no cloak)
rCorr   .          Rampage  .   j - +2 pair of gloves
Will    .....                   (no boots)
Stlth   +++.......              z - amulet of faith
HPRegen 0.20/turn               r - +4 ring of protection
MPRegen 0.16/turn               u - ring "Giasm" {rF+ rC+ rN++}

@: no status effects
A: sickness immunity, AC +8, negative energy resistance 1, electricity
resistance, torment resistance 1, petrification resistance
a: Renounce Religion


You were on level 1 of the Lair of Beasts.
You worshipped Vehumet.
Vehumet was pleased with you.
You visited 2 branches of the dungeon, and saw 10 of its levels.

You collected 553 gold pieces.

Inventory:

Hand Weapons
 c - a +0 whip of protection
 D - a +0 morningstar (weapon)
Missiles
 l - 3 throwing nets
Armour
 e - a +1 buckler (worn)
 j - a +2 pair of gloves (worn)
 k - the +2 robe of Venlilen (worn) {Int+4}
   (You found it on level 2 of the Dungeon)

   Int:       It affects your intelligence (+4).
 y - a +0 helmet (worn)
Jewellery
 h - an amulet of reflection
 o - a ring of flight
 p - a ring of see invisible
 r - a +4 ring of protection (left hand)
 u - the ring "Giasm" (right hand) {rF+ rC+ rN++}
   (You acquired it on level 4 of the Dungeon)

   [ring of protection from fire]

   rF:        It protects you from fire.
   rC:        It protects you from cold.
   rN:        It greatly protects you from negative energy.
 z - an amulet of faith (around neck)
 H - a ring of resist corrosion
Wands
 a - a wand of charming (23)
 w - a wand of iceblast (5)
Scrolls
 g - a scroll of fear
 i - 3 scrolls of amnesia
 m - 6 scrolls of teleportation
 G - 2 scrolls of silence
Potions
 b - a potion of berserk rage {unknown}
 d - a potion of flight
 f - 5 potions of heal wounds
 n - 9 potions of curing
 q - a potion of invisibility {unknown}
 s - a potion of resistance {unknown}
 t - a potion of might
 v - 2 potions of haste
 x - 3 potions of cancellation {unknown}
 A - 4 potions of brilliance
 B - a potion of magic
 F - a potion of degeneration {unknown}
Miscellaneous
 C - a phantom mirror
 E - a lightning rod (4/4)


   Skills:
 + Level 4.6 Fighting
 + Level 5.3 Dodging
 + Level 7.5 Stealth
 + Level 6.5 Shields
 + Level 5.9 Spellcasting
 * Level 6.8 Conjurations
 + Level 3.4 Summonings
 - Level 0.7 Transmutations
 + Level 9.5 Earth Magic


You had 2 spell levels left.
You knew the following spells:

 Your Spells              Type           Power      Damage    Failure   Level
a - Sandblast             Erth           100%       2d20      1%          1
b - Passwall              Tmut/Erth      25%        N/A       1%          2
c - Stone Arrow           Conj/Erth      92%        3d12      1%          3
d - Petrify               Tmut/Erth      31%        N/A       12%         4
e - Summon Small Mammal   Summ           92%        N/A       2%          1
f - Searing Ray           Conj           78%        2d7       1%          2
g - Call Canine Familiar  Summ           23%        N/A       8%          3
h - Mephitic Cloud        Conj/Pois/Air  17%        N/A       12%         3

Your spell library contained the following spells:

 Spells                   Type           Power      Damage    Failure   Level
 Beastly Appendage        Tmut           20%        N/A       8%          1
 Wereblood                Tmut           10%        N/A       12%         2
 Ensorcelled Hibernation  Hex/Ice        14%        N/A       16%         2
 Poisonous Vapours        Pois/Air       14%        N/A       16%         2
 Summon Guardian Golem    Hex/Summ       15%        N/A       16%         3
 Spider Form              Tmut/Pois      8%         N/A       26%         3
 Swiftness                Air            7%         N/A       30%         3
 Tukima's Dance           Hex            7%         N/A       30%         3
 Corpse Rot               Necr/Pois/Air  7%         N/A       71%         4
 Passage of Golubria      Tloc           7%         N/A       71%         4
 Yara's Violent Unravell  Hex/Tmut       4%         3d4       94%         5
 Metabolic Englaciation   Hex/Ice        3%         N/A       96%         5
 Statue Form              Tmut/Erth      Unusable   N/A       N/A         6

Dungeon Overview and Level Annotations

Branches:
Dungeon (9/15)             Temple (0/1) D:4            Lair (1/5) D:8
    Orc: D:9-12

Altars:
Ashenzari
Cheibriados
Gozag
Nemelex Xobeh
Qazlal
Vehumet
Xom
Yredelemnul

Shops:
D:4 :

Annotations:
D:8 1 runed translucent door, sanka's ghost, novice NaCA


Innate Abilities, Weirdness & Mutations

You are immune to sickness and miasma.
Your stone body is resilient. (AC +8)
You are immune to poison.
You resist negative energy. (rN+)
You are resistant to electric shocks. (rElec)
You are resistant to unholy torment.
You are immune to petrification.


Message History

You feel your power returning.
Aiming: Sandblast (safe; 1% risk of failure)
Press: ? - help, Q - select action, (/) - cycle Shift-Dir - straight line, f - komodo dragon
Aim: a komodo dragon (89% to hit)
The blast of sand hits the komodo dragon.
The komodo dragon is lightly wounded.
The komodo dragon bites you. The komodo dragon bites you!
Aiming: Sandblast (safe; 1% risk of failure)
Press: ? - help, Q - select action, (/) - cycle Shift-Dir - straight line, f/p - komodo dragon
Aim: a komodo dragon (lightly wounded, 89% to hit)
The blast of sand hits the komodo dragon!
The komodo dragon is lightly wounded.
The komodo dragon bites you!!
* * * LOW HITPOINT WARNING * * *
Casting: Sandblast (safe; 1% risk of failure)
Confirm with . or Enter, or press ? or * to list all spells.
Aiming: Stone Arrow (safe; 1% risk of failure)
Press: ? - help, Shift-Dir - straight line, f/p - komodo dragon
Aim: a komodo dragon (lightly wounded, 82% to hit)
The stone arrow hits the komodo dragon!!
The komodo dragon is heavily wounded.
The komodo dragon barely misses you.
You feel much better. The komodo dragon closely misses you.
Casting: Stone Arrow (safe; 1% risk of failure)
Confirm with . or Enter, or press ? or * to list all spells.
Aiming: Stone Arrow (safe; 1% risk of failure)
Press: ? - help, Shift-Dir - straight line, f/p - komodo dragon
Aim: a komodo dragon (heavily wounded, 82% to hit)
The stone arrow misses the komodo dragon.
The komodo dragon bites you!
* * * LOW HITPOINT WARNING * * *
Casting: Stone Arrow (safe; 1% risk of failure)
Confirm with . or Enter, or press ? or * to list all spells.
Aiming: Stone Arrow (safe; 1% risk of failure)
Press: ? - help, Shift-Dir - straight line, f/p - komodo dragon
Aim: a komodo dragon (heavily wounded, 82% to hit)
The stone arrow hits the komodo dragon!!
The komodo dragon is almost dead.
The komodo dragon bites you!
You die...

.......## #............
#...##.## .#.P
#...#...#.#..##
....##..#.#...##
÷##..#........P#
##..##..#.P...# ###
#.#.##..#.##..#####.#####
P...............@l......#
..#............######...#
........#....#..#####...#
...........#.#.###......#
.##..###.#.#...# #.#..###
..#.## #.P...#..## #...
.##.# #...#...## #...?
##..####.......P #?...#
##.............P# .?##..


You could see a komodo dragon.

Vanquished Creatures
  A two-headed ogre (D:9)
  2 cane toads (Lair:1)
  2 komodo dragons (Lair:1)
  A troll (D:7)
  Prince Ribbit (D:5)
  14 yaks
  A wyvern (Lair:1)
  Edmund (D:5)
  2 orc warriors
  An ice beast (D:8)
  An ogre (D:7)
  2 centaurs
  A kobold brigand (D:6)
  A bullfrog (D:9)
  A necrophage (D:6)
  A gnoll sergeant (D:9)
  2 scorpions
  3 wights (D:8)
  8 killer bees
  3 howler monkeys (D:9)
  A crimson imp (D:7)
  3 hounds
  4 jellies
  7 orc priests
  Ijyb (D:4)
  4 iguanas
  Natasha (thrice) (D:4)
  6 orc wizards
  10 gnolls
  5 adders
  A shadow imp (D:8)
  2 white imps (D:7)
  2 ufetubi
  A worm (D:2)
  2 dart slugs
  31 orcs
  5 bats
  5 endoplasms
  2 giant cockroaches
  19 goblins
  12 hobgoblins
  8 jackals
  8 quokkas
  6 ball pythons
  A frilled lizard (D:1)
  9 kobolds
  7 rats
214 creatures vanquished.

Vanquished Creatures (others)
  5 plants (D:8)
5 creatures vanquished.

Grand Total: 219 creatures vanquished

Notes
Turn   | Place    | Note
-------+----------+-------------------------------------------
     0 | D:1      | raph the Gargoyle Earth Elementalist began the quest for
                  | the Orb.
     0 | D:1      | Reached XP level 1. HP: 10/10 MP: 3/3
   310 | D:1      | Reached XP level 2. HP: 15/15 MP: 1/5
   501 | D:1      | Reached skill level 4 in Earth Magic
   659 | D:1      | Learned a level 2 spell: Passwall
  1132 | D:1      | Reached XP level 3. HP: 17/19 MP: 3/6
  1375 | D:1      | Learned a level 3 spell: Stone Arrow
  1981 | D:2      | Found a shimmering altar of Xom.
  1988 | D:2      | Reached XP level 4. HP: 24/24 MP: 3/7
  2392 | D:2      | Reached skill level 1 in Shields
  2462 | D:2      | Identified the +2 robe of Venlilen {Int+4}
  2958 | D:2      | Reached XP level 5. HP: 24/28 MP: 4/8
  3471 | D:3      | Found a faded altar of an unknown god.
  3621 | D:3      | Found a radiant altar of Vehumet.
  3882 | D:3      | Reached skill level 5 in Earth Magic
  3953 | D:3      | Found a snail-covered altar of Cheibriados.
  3975 | D:3      | Became a worshipper of Vehumet
  4131 | D:3      | Reached XP level 6. HP: 29/32 MP: 2/10
  4689 | D:4      | Found a basalt altar of Yredelemnul.
  4735 | D:4      | Learned a level 4 spell: Petrify
  4777 | D:4      | Noticed Ijyb
  4779 | D:4      | Killed Ijyb
  4932 | D:4      | Found a staircase to the Ecumenical Temple.
  5083 | D:4      | Found Pugg's Book Emporium.
  5175 | D:4      | Identified a scroll of acquirement
  5175 | D:4      | Acquired the ring "Giasm" {rF+ rC+ rN++}
  5267 | D:4      | Noticed Natasha
  5271 | D:4      | Killed Natasha
  5272 | D:4      | Reached skill level 6 in Earth Magic
  5410 | D:4      | Noticed Natasha
  5413 | D:4      | Killed Natasha
  5414 | D:4      | Reached XP level 7. HP: 36/36 MP: 7/11
  5456 | D:4      | Noticed Natasha
  5460 | D:4      | Killed Natasha
  5576 | D:5      | Entered Level 5 of the Dungeon
  6619 | D:5      | Noticed Edmund
  6621 | D:5      | Noticed Prince Ribbit
  6632 | D:5      | Killed Prince Ribbit
  6633 | D:5      | Reached skill level 7 in Earth Magic
  6729 | D:5      | Killed Edmund
  6730 | D:5      | Reached XP level 8. HP: 31/41 MP: 8/13
  7934 | D:6      | Reached skill level 5 in Stealth
  9068 | D:7      | Found a stormy altar of Qazlal.
  9070 | D:7      | Found an opulent altar of Gozag.
  9074 | D:7      | Found a broken altar of Ashenzari.
  9089 | D:7      | Noticed a troll
  9108 | D:7      | Killed a troll
  9109 | D:7      | Reached skill level 1 in Fighting
  9109 | D:7      | Reached skill level 1 in Conjurations
  9109 | D:7      | Reached skill level 8 in Earth Magic
  9526 | D:7      | Reached XP level 9. HP: 47/47 MP: 12/15
  9530 | D:7      | Reached * piety under Vehumet
  9530 | D:7      | Offered knowledge of Shock by Vehumet.
  9837 | D:7      | Learned a level 1 spell: Summon Small Mammal
  9978 | D:8      | Found a shimmering altar of Xom.
  9978 | D:8      | Found a shimmering altar of Xom.
  9979 | D:8      | Found a shimmering altar of Xom.
 10227 | D:8      | Reached skill level 5 in Shields
 10231 | D:8      | Reached skill level 1 in Summonings
 10439 | D:8      | Found a runed translucent door.
 10442 | D:8      | Noticed sanka's ghost (novice NaCA)
 10475 | D:8      | Found a staircase to the Lair.
 10563 | D:8      | Found a sparkling altar of Nemelex Xobeh.
 11037 | D:8      | Offered knowledge of Searing Ray by Vehumet.
 11040 | D:8      | Reached ** piety under Vehumet
 11041 | D:8      | Reached skill level 5 in Spellcasting
 11070 | D:8      | Learned a level 2 spell: Searing Ray
 11339 | D:9      | Reached XP level 10. HP: 56/56 MP: 9/17
 11629 | D:9      | Noticed a two-headed ogre
 11634 | D:9      | Killed a two-headed ogre
 11635 | D:9      | Reached skill level 5 in Conjurations
 11635 | D:9      | Reached skill level 9 in Earth Magic
 12042 | D:9      | Reached skill level 5 in Dodging
 12109 | D:9      | Offered knowledge of Mephitic Cloud by Vehumet.
 12163 | D:9      | Learned a level 3 spell: Call Canine Familiar
 12167 | D:9      | Learned a level 3 spell: Mephitic Cloud
 12668 | Lair:1   | Entered Level 1 of the Lair of Beasts
 12800 | Lair:1   | Noticed a cane toad
 12806 | Lair:1   | Killed a cane toad
 12922 | Lair:1   | Reached *** piety under Vehumet
 12976 | Lair:1   | Reached XP level 11. HP: 31/62 MP: 13/19
 13243 | Lair:1   | Slain by a komodo dragon

Illustrated notes

Levels and vault maps discovered:
D:1:      giann_wishing_wells, layout_basic, serial_bayou_pond_d,
          nicolae_figureground_sparkle
D:2:      cheibrodos_greedy_goblins, layout_basic, basic_altar,
          corexii_leaking_fountain, kennysheep_generic_room_12
D:3:      minmay_wonky_spiral, layout_basic, vehumet_crystals,
          cheibriados_altar_1, hellmonk_ecumenical_altar_zigzags,
          kennysheep_orc_chapel
D:4:      layout_loops_ring, old_standard_altar,
          minmay_temple_entry_enclosed_plants, serial_shops, nicolae_shop_trees,
          uniq_natasha, uniq_ijyb
D:5:      layout_layer_cave, uniq_prince_ribbit1, uniq_edmund
D:6:      layout_loops_ring
D:7:      layout_rooms, grunt_temple_overflow_diamond, minmay_fire_ice_demons
D:8:      layout_loops_ring, xom_redecorated, nemelex_xobeh_ov_fountains_minmay,
          lair_entry_dummy, hellmonk_ghost_big_iron, serial_bayou_crossing
D:9:      layout_loops_ring, enter_bailey_3, serial_rivers,
          chequers_serial_rivers_micro_c, chequers_serial_rivers_micro_d,
          chequers_serial_rivers_marsh, chequers_serial_rivers_room_a
Lair:1:   layout_loops_ring, beast_lair_carwin_11, lemuel_fruit_fields

Skill      XL: |  1  2  3  4  5  6  7  8  9 10 |
---------------+-------------------------------+-----
Earth Magic    | 4 5 6 7 8 9 |  9.5
Dodging        | 2 3 4 5 |  5.3
Shields        | 1 2 3 4 5 6 |  6.5
Stealth        | 3 4 5 6 7 |  7.5
Spellcasting   | 3 4 5 |  5.9
Fighting       | 1 3 4 |  4.6
Conjurations   | 2 4 6 |  6.8
Summonings     | 1 3 |  3.4
Transmutations | |  0.7

Action                   |  1- 3 |  4- 6 |  7- 9 | 10-12 || total
-------------------------+-------+-------+-------+-------++-------
Melee: Unarmed           |    18 |       |       |       ||    18
       Whip              |    16 |    24 |    25 |       ||    65
       Morningstar       |       |       |    12 |     5 ||    17
 Cast: Sandblast         |    47 |    62 |   145 |    62 ||   316
       Stone Arrow       |     1 |    13 |    30 |    16 ||    60
       Passwall          |       |     2 |     2 |     1 ||     5
       Petrify           |       |       |     6 |     3 ||     9
       Searing Ray       |       |       |     1 |     1 ||     2
       Summon Small Mamm |       |       |       |     3 ||     3
Evoke: Wand              |       |       |     2 |       ||     2
  Use: Scroll            |     3 |    10 |     7 |     1 ||    21
       Potion            |       |       |     1 |     2 ||     3
 Stab: Petrified         |       |       |     2 |       ||     2
       Sleeping          |       |       |     1 |       ||     1
       Petrifying        |       |       |       |     1 ||     1
Armor: Robe              |    21 |    28 |    75 |    24 ||   148
Dodge: Dodged            |    39 |    27 |    80 |    42 ||   188
Block: Buckler           |     4 |    29 |    62 |    32 ||   127
       Reflection        |       |     3 |       |       ||     3
